TOP OF THE 1ST |
Houston Marshals batting - Pitching for Vista Panthers : RHP Jason Taylor
|
Pitching: RHP Jason Taylor
|
|
Batting: RHB Javier Rentería
|
0-0: Ball 1-0: Ball 2-0: Ball 3-0: Base on Balls
|
Batting: SHB Ramón Lugo
|
0-0: Ball 1-0: Ball 2-0: Called Strike Javier Rentería steals 2nd base 2-1: Foul Ball, location: 2F 2-2: Ball 3-2: SINGLE (Groundball, 4D) Javier Rentería to third
|
Batting: LHB José Rodríguez
|
0-0: 3-RUN HOME RUN (Flyball, 9D), Distance : 389 ft
|
Batting: LHB Michael Cook
|
0-0: DOUBLE (Flyball, 89D)
|
Batting: RHB Esteban Lara
|
0-0: Ball 1-0: Called Strike 1-1: SINGLE (Groundball, 6MD) Michael Cook to third
|
Batting: SHB Álex Rosado
|
0-0: Ball 1-0: Grounds into double play, 4-6-3 (Groundball, 4) Michael Cook scores
|
Batting: RHB Marvin Johnson
|
0-0: Fly out, F5 (Line Drive, 5)
|
Top of the 1st over - 4 runs, 4 hits, 0 errors, 0 left on base; Houston 4 - Vista 0 |
BOTTOM OF THE 1ST |
Vista Panthers batting - Pitching for Houston Marshals : RHP Fernando Guzmán
|
Pitching: RHP Fernando Guzmán
|
|
Batting: RHB Johnny Williams
|
0-0: Called Strike 0-1: Called Strike 0-2: Ball 1-2: Ball 2-2: Foul Ball, location: 2F 2-2: Ground out 4-3 (Groundball, 34)
|
Batting: LHB Clyde Yarbrough
|
0-0: Foul Ball, location: 2F 0-1: Fly out, F7 (Flyball, 7LMF)
|
Batting: RHB Jake Reeves
|
0-0: Called Strike 0-1: Foul Ball, location: 2F 0-2: Foul Ball, location: 2F 0-2: Fly out, F8 (Flyball, 8LS)
|
Bottom of the 1st over - 0 runs, 0 hits, 0 errors, 0 left on base; Houston 4 - Vista 0 |
TOP OF THE 2ND |
Houston Marshals batting - Pitching for Vista Panthers : RHP Jason Taylor
|
Batting: RHB Gilberto López
|
0-0: Ball 1-0: Foul Ball, location: 2F 1-1: Called Strike 1-2: Ball 2-2: Foul Ball, location: 2F 2-2: Foul Ball, location: 2F 2-2: Ball 3-2: Strikes out swinging
|
Batting: RHB Barney Lawson
|
0-0: Ball 1-0: Ball 2-0: Foul Ball, location: 2F 2-1: Swinging Strike 2-2: Strikes out swinging
|
Batting: RHB Javier Rentería
|
0-0: Called Strike 0-1: Ground out 6-3 (Groundball, 6)
|
Top of the 2nd over - 0 runs, 0 hits, 0 errors, 0 left on base; Houston 4 - Vista 0 |
BOTTOM OF THE 2ND |
Vista Panthers batting - Pitching for Houston Marshals : RHP Fernando Guzmán
|
Batting: LHB Dante Owens
|
0-0: Called Strike 0-1: Called Strike 0-2: Ground out U3 (Groundball, 34)
|
Batting: RHB Stephen Wilson
|
0-0: Called Strike 0-1: Swinging Strike 0-2: Fly out, F9 (Line Drive, 9)
|
Batting: LHB Noriaki Sangi
|
0-0: Called Strike 0-1: Ground out U3 (Groundball, 3L)
|
Bottom of the 2nd over - 0 runs, 0 hits, 0 errors, 0 left on base; Houston 4 - Vista 0 |
TOP OF THE 3RD |
Houston Marshals batting - Pitching for Vista Panthers : RHP Jason Taylor
|
Batting: SHB Ramón Lugo
|
0-0: Foul Ball, location: 2F 0-1: Swinging Strike 0-2: Ground out 4-3 (Groundball, 4)
|
Batting: LHB José Rodríguez
|
0-0: Ball 1-0: Ball 2-0: Fly out, F8 (Flyball, 78D)
|
Batting: LHB Michael Cook
|
0-0: Ball 1-0: Called Strike 1-1: Called Strike 1-2: Ground out 4-3 (Groundball, 4)
|
Top of the 3rd over - 0 runs, 0 hits, 0 errors, 0 left on base; Houston 4 - Vista 0 |
BOTTOM OF THE 3RD |
Vista Panthers batting - Pitching for Houston Marshals : RHP Fernando Guzmán
|
Batting: RHB Justin Burgess
|
0-0: Ball 1-0: Foul Ball, location: 2F 1-1: Called Strike 1-2: Ball 2-2: Fly out, F7 (Flyball, 7LMF)
|
Batting: RHB Luis Ríos
|
0-0: Ball 1-0: Foul Ball, location: 2F 1-1: Ball 2-1: Fly out, F8 (Line Drive, 8RD)
|
Batting: LHB Ramiro Martínez
|
0-0: Ground out 4-3 (Groundball, 4)
|
Bottom of the 3rd over - 0 runs, 0 hits, 0 errors, 0 left on base; Houston 4 - Vista 0 |
TOP OF THE 4TH |
Houston Marshals batting - Pitching for Vista Panthers : RHP Jason Taylor
|
Batting: RHB Esteban Lara
|
0-0: Ball 1-0: Swinging Strike 1-1: Ball 2-1: Foul Ball, location: 2F 2-2: Foul Ball, location: 2F 2-2: Foul Ball, location: 2F 2-2: Strikes out swinging
|
Batting: SHB Álex Rosado
|
0-0: Called Strike 0-1: Fly out, F7 (Flyball, 7S)
|
Batting: RHB Marvin Johnson
|
0-0: Foul Ball, location: 2F 0-1: SINGLE (Line Drive, 34D)
|
Batting: RHB Gilberto López
|
0-0: Foul Ball, location: 2F 0-1: Foul Ball, location: 2F 0-2: Strikes out looking
|
Top of the 4th over - 0 runs, 1 hit, 0 errors, 1 left on base; Houston 4 - Vista 0 |
BOTTOM OF THE 4TH |
Vista Panthers batting - Pitching for Houston Marshals : RHP Fernando Guzmán
|
Batting: RHB Johnny Williams
|
0-0: Ball 1-0: Ball 2-0: Swinging Strike 2-1: Foul Ball, location: 2F 2-2: Ball 3-2: Foul Ball, location: 2F 3-2: Base on Balls
|
Batting: LHB Clyde Yarbrough
|
0-0: SINGLE (Groundball, 4D) Johnny Williams to second
|
Batting: RHB Jake Reeves
|
0-0: Swinging Strike 0-1: Ball 1-1: Grounds into double play, 4-6-3 (Groundball, 4) Johnny Williams to third
|
Batting: LHB Dante Owens
|
0-0: Foul Ball, location: 2F 0-1: Ball 1-1: Foul Ball, location: 2F 1-2: Ball 2-2: Ball 3-2: Fly out, F7 (Flyball, 7LDF)
|
Bottom of the 4th over - 0 runs, 1 hit, 0 errors, 1 left on base; Houston 4 - Vista 0 |
TOP OF THE 5TH |
Houston Marshals batting - Pitching for Vista Panthers : RHP Jason Taylor
|
Batting: RHB Barney Lawson
|
0-0: Ball 1-0: Ball 2-0: Ball 3-0: Called Strike 3-1: Base on Balls
|
Batting: RHB Javier Rentería
|
0-0: Ball 1-0: Swinging Strike 1-1: Ground out 5-3 (Groundball, 56S) Barney Lawson to second
|
Batting: SHB Ramón Lugo
|
0-0: Ball 1-0: Called Strike 1-1: Swinging Strike 1-2: Strikes out looking
|
Batting: LHB José Rodríguez
|
0-0: Called Strike 0-1: Ball 1-1: Fly out, F7 (Flyball, 7LM)
|
Top of the 5th over - 0 runs, 0 hits, 0 errors, 1 left on base; Houston 4 - Vista 0 |
BOTTOM OF THE 5TH |
Vista Panthers batting - Pitching for Houston Marshals : RHP Fernando Guzmán
|
Batting: RHB Stephen Wilson
|
0-0: Swinging Strike 0-1: Ball 1-1: Ground out 6-3 (Groundball, 6M)
|
Batting: LHB Noriaki Sangi
|
0-0: Ball 1-0: Ball 2-0: Ball 3-0: Called Strike 3-1: Foul Ball, location: 2F 3-2: Ground out 5-3 (Groundball, 5)
|
Batting: RHB Justin Burgess
|
0-0: Ball 1-0: Foul Ball, location: 2F 1-1: Ground out 4-3 (Groundball, 4)
|
Bottom of the 5th over - 0 runs, 0 hits, 0 errors, 0 left on base; Houston 4 - Vista 0 |
TOP OF THE 6TH |
Houston Marshals batting - Pitching for Vista Panthers : RHP Jason Taylor
|
Pitching: RHP Dave Riley
|
|
Batting: LHB Michael Cook
|
0-0: Called Strike 0-1: Foul Ball, location: 2F 0-2: Ball 1-2: Ball 2-2: Strikes out swinging
|
Batting: RHB Esteban Lara
|
0-0: Called Strike 0-1: Ball 1-1: Ball 2-1: Ground out 5-3 (Groundball, 56)
|
Batting: SHB Álex Rosado
|
0-0: Foul Ball, location: 2F 0-1: Ball 1-1: Called Strike 1-2: Foul Ball, location: 2F 1-2: Ball 2-2: Ground out 6-3 (Groundball, 6)
|
Top of the 6th over - 0 runs, 0 hits, 0 errors, 0 left on base; Houston 4 - Vista 0 |
BOTTOM OF THE 6TH |
Vista Panthers batting - Pitching for Houston Marshals : RHP Fernando Guzmán
|
Batting: RHB Luis Ríos
|
0-0: Called Strike 0-1: Ball 1-1: Foul Ball, location: 2F 1-2: Ball 2-2: Ball 3-2: Foul Ball, location: 2F 3-2: Base on Balls
|
Batting: LHB Ramiro Martínez
|
0-0: SINGLE (Line Drive, 89S) Luis Ríos to second Runner from 2nd tries for 3rd, SAFE, no throw
|
Batting: RHB Johnny Williams
|
0-0: Ball 1-0: Ball 2-0: Foul Ball, location: 2F 2-1: Foul Ball, location: 2F 2-2: Ball 3-2: Foul Ball, location: 2F 3-2: Strikes out swinging
|
Batting: LHB Clyde Yarbrough
|
0-0: Called Strike 0-1: Ball 1-1: Ball 2-1: Ball 3-1: Swinging Strike 3-2: Fly out, F6 (Popup, 6)
|
Batting: RHB Jake Reeves
|
0-0: Ball 1-0: Called Strike 1-1: SINGLE (Flyball, 78S) Luis Ríos scores Ramiro Martínez to second
|
Batting: LHB Dante Owens
|
0-0: Swinging Strike 0-1: Ball 1-1: Ball 2-1: Ball 3-1: Base on Balls Ramiro Martínez to third Jake Reeves to second
|
Batting: RHB Stephen Wilson
|
0-0: Ball 1-0: Ball 2-0: Called Strike 2-1: Ground out 4-3 (Groundball, 4)
|
Bottom of the 6th over - 1 run, 2 hits, 0 errors, 3 left on base; Houston 4 - Vista 1 |
TOP OF THE 7TH |
Houston Marshals batting - Pitching for Vista Panthers : RHP Dave Riley
|
Batting: RHB Marvin Johnson
|
0-0: Ground out 4-3 (Groundball, 4)
|
Batting: RHB Gilberto López
|
0-0: Ball 1-0: SINGLE (Flyball, 89S)
|
Batting: RHB Barney Lawson
|
0-0: Ball 1-0: Grounds into double play, 4-6-3 (Groundball, 4M)
|
Top of the 7th over - 0 runs, 1 hit, 0 errors, 0 left on base; Houston 4 - Vista 1 |
BOTTOM OF THE 7TH |
Vista Panthers batting - Pitching for Houston Marshals : RHP Fernando Guzmán
|
Pitching: RHP Jim Durham
|
|
Batting: LHB Noriaki Sangi
|
0-0: Called Strike 0-1: Called Strike 0-2: Ball 1-2: DOUBLE (Groundball, 3L)
|
Batting: RHB Justin Burgess
|
0-0: Called Strike 0-1: Called Strike 0-2: Ball 1-2: Ground out 3-1 (Groundball, 34S) Noriaki Sangi to third
|
Batting: RHB Luis Ríos
|
0-0: Ball 1-0: Called Strike 1-1: Swinging Strike 1-2: Strikes out swinging
|
Batting: LHB Ramiro Martínez
|
0-0: Fly out, F8 (Flyball, 8RM)
|
Bottom of the 7th over - 0 runs, 1 hit, 0 errors, 1 left on base; Houston 4 - Vista 1 |
TOP OF THE 8TH |
Houston Marshals batting - Pitching for Vista Panthers : RHP Dave Riley
|
Batting: RHB Javier Rentería
|
0-0: Called Strike 0-1: Called Strike 0-2: Fly out, F7 (Flyball, 7LS)
|
Batting: SHB Ramón Lugo
|
0-0: Foul Ball, location: 2F 0-1: Called Strike 0-2: Ball 1-2: Ball 2-2: Ball 3-2: DOUBLE (Line Drive, 8RXD)
|
Batting: LHB José Rodríguez
|
0-0: Intentional Walk
|
Pitching: LHP António Martínez
|
|
Batting: LHB Michael Cook
|
0-0: Called Strike 0-1: Called Strike 0-2: Ball 1-2: SINGLE (Groundball, 25) (infield hit) Ramón Lugo to third José Rodríguez to second
|
Pitching: RHP John Hall
|
|
Batting: RHB Esteban Lara
|
0-0: Called Strike 0-1: Foul Ball, location: 2F 0-2: Foul Ball, location: 2F 0-2: Ball 1-2: Strikes out looking
|
Batting: SHB Álex Rosado
|
0-0: Called Strike 0-1: Called Strike 0-2: Ball 1-2: Ball 2-2: Ball 3-2: Strikes out swinging
|
Top of the 8th over - 0 runs, 2 hits, 0 errors, 3 left on base; Houston 4 - Vista 1 |
BOTTOM OF THE 8TH |
Vista Panthers batting - Pitching for Houston Marshals : RHP Jim Durham
|
Batting: RHB Johnny Williams
|
0-0: Called Strike 0-1: Called Strike 0-2: Foul Ball, location: 2F 0-2: Foul Ball, location: 2F 0-2: Fly out, F7 (Flyball, 7D)
|
Batting: LHB Clyde Yarbrough
|
0-0: Foul Ball, location: 2F 0-1: Ground out 4-3 (Groundball, 4)
|
Batting: RHB Jake Reeves
|
0-0: Fly out, F8 (Flyball, 8RD)
|
Bottom of the 8th over - 0 runs, 0 hits, 0 errors, 0 left on base; Houston 4 - Vista 1 |
TOP OF THE 9TH |
Houston Marshals batting - Pitching for Vista Panthers : RHP John Hall
|
Batting: RHB Marvin Johnson
|
0-0: Ball 1-0: Ball 2-0: Fly out, F7 (Flyball, 7D)
|
Batting: RHB Gilberto López
|
0-0: Called Strike 0-1: Ball 1-1: Ball 2-1: Foul Ball, location: 2F 2-2: Ground out 5-3 (Groundball, 56S)
|
Batting: RHB Barney Lawson
|
0-0: Ball 1-0: Foul Ball, location: 2F 1-1: DOUBLE (Line Drive, 7LM)
|
Batting: RHB Javier Rentería
|
0-0: Called Strike 0-1: Fly out, F9 (Flyball, 9)
|
Top of the 9th over - 0 runs, 1 hit, 0 errors, 1 left on base; Houston 4 - Vista 1 |
BOTTOM OF THE 9TH |
Vista Panthers batting - Pitching for Houston Marshals : RHP Jim Durham
|
Batting: LHB Dante Owens
|
0-0: DOUBLE (Line Drive, 8RXD)
|
Batting: RHB Stephen Wilson
|
0-0: Foul Ball, location: 2F 0-1: Ground out 5-3 (Groundball, 56)
|
Batting: LHB Noriaki Sangi
|
0-0: Foul Ball, location: 2F 0-1: Foul Ball, location: 2F 0-2: Ball 1-2: SINGLE (Groundball, 56D) Dante Owens to third
|
Batting: RHB Justin Burgess
|
0-0: Foul Ball, location: 2F 0-1: Grounds into double play, 5-4-3 (Groundball, 5)
|
Bottom of the 9th over - 0 runs, 2 hits, 0 errors, 1 left on base; Houston 4 - Vista 1 |
|